Description

Karax is a great commander for defense but did you know he can be great at offense? All build that center around offense can be useful in their place, but Carriers are good against any build from the enemy. With this build you will have extra minerals so be sure to make cannons as they will give you more time to get into place or just make a good location to rally your new units. Be sure to get the first Spear of Adun energy upgrade as it makes it so much easier to deal with rouge units and deal with spell casters while attacking.

VOD

https://youtu.be/rL8IJZ8K51Q

Replay - Best Build Order Karax Easy Expo

Build Order

Get SALT Encoding   

  12  0:00  Probe (Chrono Boost)  
  13  0:12  Probe (Chrono Boost)  
  14  0:24  Probe (Chrono Boost)  
  15  1:15  Nexus  
  15  1:17  Probe (Chrono Boost)  
  15  1:18  Pylon  
  15  1:29  Probe (Chrono Boost)  
  16  1:36  Assimilator  
  17  1:41  Probe (Chrono Boost)  
  17  1:47  Assimilator  
  18  1:53  Probe (Chrono Boost)  
  19  2:05  Probe (Chrono Boost)  
  20  2:18  Probe (Chrono Boost)  
  20  2:22  Forge  
  21  2:30  Probe (Chrono Boost)  
  26  3:18  Solar Efficiency Level 1  
  27  3:20  Photon Cannon  
  32  4:00  Photon Cannon  
  35  4:22  Gateway  
  37  4:38  Assimilator  
  38  4:52  Pylon  
  40  5:01  Assimilator  
  46  5:32  Cybernetics Core  
  46  5:46  Pylon  
  50  6:07  Protoss Air Weapons Level 1, Pylon  
  50  6:20  Photon Cannon  
  50  6:29  Stargate x3  
  50  6:45  Pylon  
  50  7:05  Carrier x3  
  50  7:08  Robotics Facility  
  50  7:32  Advanced Repair Systems  
  50  7:34  Fleet Beacon  
  51  8:22  Observer  
  69  8:43  Carrier x2  
  70  8:50  Protoss Air Weapons Level 2  
  70  8:52  Carrier  
Spawning Tool Build Advisor. Get it on Overwolf

Go to:

Details

  • Created by: hunter      
  • Published on: Jun 24, 2018
  • Patch: 4.0.0
  • Difficulty: Easy
Show
View Real Time Build Order
Export as new Build Order

Comments (0)

There are no comments. Be the first!

Create an account to comment!